Map: New Gettysburg LE

Players

Fropez - Winner!

  • Race: Protoss Protoss
  • League: Gold
  • Spawn Location: 5:00

Azuna

  • Race: Protoss Protoss
  • League: Gold
  • Spawn Location: 7:00

VOD

Have the link to the VOD?

Description

Time

  • Played on: Aug. 20, 2016, 12:32 a.m.
  • Length: 6:54
Show
View Real Time Build Order
Export as new Build Order

Fropez Protoss - Winner!

Build Orders:  

Get SALT Encoding   

  12  0:02  Probe (Chrono Boost)  
  13  0:17  Pylon  
  13  0:18  Probe (Chrono Boost)  
  14  0:35  Gateway  
  14  0:41  Pylon  
  14  1:03  Probe (Chrono Boost)  
  15  1:06  Assimilator  
  15  1:13  Pylon, Probe (Chrono Boost)  
  16  1:24  Probe (Chrono Boost)  
  17  1:33  Cybernetics Core  
  17  1:35  Probe (Chrono Boost)  
  18  1:45  Probe (Chrono Boost)  
  18  1:57  Gateway x2  
  18  1:59  Probe (Chrono Boost)  
  19  2:05  Gateway  
  19  2:11  Warp Gate (Chrono Boost)  
  19  2:14  Adept  
  21  2:20  Probe  
  22  2:27  Assimilator  
  22  2:32  Probe  
  23  2:41  Adept  
  25  2:45  Pylon  
  25  2:51  Adept  
  25  2:57  Adept  
  29  3:06  Mothership Core  
  31  4:18  Nexus  
  31  4:21  Probe  
  31  4:22  Assimilator  
  31  4:23  Assimilator  
  32  4:31  Pylon  
  32  4:53  Stalker x3  
  29  5:35  Stalker x2  
  29  5:36  Stalker  
  35  6:05  Stalker x3  
  35  6:07  Probe  
  35  6:08  Probe  
  41  6:18  Probe  
  41  6:19  Probe  
  43  6:29  Probe  
  43  6:31  Probe  
  45  6:40  Probe  
  45  6:44  Pylon  
Show
View Real Time Build Order
Export as new Build Order

Azuna Protoss 

Build Orders:  

Get SALT Encoding   

  12  0:02  Probe (Chrono Boost)  
  13  0:12  Probe (Chrono Boost)  
  14  0:21  Pylon  
  14  0:27  Probe (Chrono Boost)  
  15  0:33  Assimilator  
  15  0:40  Gateway  
  15  0:44  Probe (Chrono Boost)  
  16  1:07  Assimilator  
  16  1:08  Pylon, Probe (Chrono Boost)  
  17  1:13  Assimilator  
  17  1:19  Probe (Chrono Boost)  
  18  1:48  Cybernetics Core  
  18  2:08  Nexus, Pylon  
  18  2:25  Warp Gate (Chrono Boost)  
  18  2:28  Mothership Core (Chrono Boost)  
  20  2:47  Pylon  
  20  2:50  Gateway  
  20  2:58  Twilight Council  
  20  2:59  Probe (Chrono Boost)  
  21  3:11  Probe (Chrono Boost)  
  22  3:20  Probe (Chrono Boost)  
  22  3:22  Probe (Chrono Boost)  
  24  3:31  Probe (Chrono Boost)  
  24  3:33  Probe (Chrono Boost)  
  26  3:36  Gateway  
  24  4:01  Pylon  
  21  4:36  Stalker x3  
  16  5:11  Stalker x2  
  16  5:12  Stalker  
  13  5:39  Pylon  
  13  5:41  Pylon  
  13  5:43  Pylon  
  13  5:45  Pylon  
  5  6:12  Probe  
  6  6:20  Probe  
  6  6:22  Probe  
  8  6:32  Probe  
  9  6:33  Probe  
Tags
 
League
GoldGold
Matchup
PvP
Replay Pack
All Mines
Spawn Locations
Close Positions
Add a new tag
Caveats
  • Supply blocks, unpowered buildings, or Contaminate may cause inaccurate times.
  • Supply counts are checked every 10 seconds.